 Dungeon Crawl Stone Soup version 0.29.1-15-g9cfb28693d (webtiles) character file.

Game seed: 9885984340379743708

57 Angrytalen the Trooper (level 4, -5/29 HPs)
             Began as a Gargoyle Monk on Nov 3, 2023.
             Slain by Crazy Yiuf
             ... wielding a +4 quarterstaff of chaos
              (14 damage)
             ... on level 2 of the Dungeon.
             The game lasted 00:08:54 (2581 turns).

Angrytalen the Trooper (Gargoyle Monk)              Turns: 2581, Time: 00:08:55

Health: -5/29      AC:  6    Str: 14    XL:     4   Next: 0%
Magic:  4/4        EV: 12    Int: 11    God:
Gold:   69         SH:  0    Dex: 14    Spells: 3/3 levels left

rFire   x . .      SeeInvis .   a - +0 mace
rCold   + . .      Faith    .   (no shield)
rNeg    + . .      Spirit   .   i - +0 leather armour
rPois   ∞          Reflect  .   (no helmet)
rElec   +          Harm     .   (no cloak)
rCorr   .          Rampage  .   (no gloves)
Will    .....                   (no boots)
Stlth   ++........              (no amulet)
HPRegen 0.09/turn               j - ring of ice
MPRegen 0.09/turn               (no ring)

@: no status effects
A: sickness immunity, AC +3, negative energy resistance 1, electricity
resistance, torment resistance 1, petrification resistance
a: no special abilities


You were on level 2 of the Dungeon.
You visited 1 branch of the dungeon, and saw 2 of its levels.

You collected 69 gold pieces.

Inventory:

Hand Weapons
 a - a +0 mace (weapon)
Missiles
 f - 2 poisoned darts (quivered)
 g - 12 stones
Armour
 b - a +0 robe
 h - a +0 ring mail
 i - a +0 leather armour (worn)
Magical Staves
 d - a staff of fire
Jewellery
 j - a ring of ice (left hand)
Scrolls
 e - a scroll of enchant armour
 k - 2 scrolls of teleportation
 l - a scroll of vulnerability {unknown}
 m - a scroll of identify
 o - a scroll of summoning {unknown}
Potions
 c - 2 potions of ambrosia
 n - a potion of might {unknown}
 p - a potion of magic {unknown}


   Skills:
 + Level 3.9 Fighting
 + Level 3.6 Maces & Flails
 + Level 0.6 Armour
 + Level 2.8 Dodging
 + Level 2.6 Stealth


You had 3 spell levels left.
You didn't know any spells.
Your spell library contained the following spells:

 Spells                   Type           Power      Damage    Failure   Level
 Blink                    Tloc           0%         N/A       56%         2
 Lesser Beckoning         Tloc           0%         N/A       80%         3
 Summon Guardian Golem    Hex/Summ       0%         N/A       80%         3
 Manifold Assault         Tloc           0%         N/A       100%        5
 Orb of Destruction       Conj           0%         9d5       100%        7
 Spellforged Servitor     Conj/Summ      0%         N/A       100%        7


Dungeon Overview and Level Annotations

Branches:
Dungeon (2/15)

Altars:

Shops:
D:2 (

Annotations:
D:2 Crazy Yiuf


Innate Abilities, Weirdness & Mutations

You are immune to sickness and miasma.
Your stone body is resilient. (AC +3)
You are immune to poison.
You resist negative energy. (rN+)
You are resistant to electric shocks. (rElec)
You are resistant to unholy torment.
You are immune to petrification.


Message History

There is an open door here.
There is an open door here.
There is an open door here.
You see here a +0 club.
Found a stone staircase leading down.
A bat comes into view.
The bat closely misses you. The bat barely misses you.
You sock the bat!
You kill the bat!
You see here a bat corpse.
A bat comes into view.
The bat barely misses you. The bat hits you but does no damage.
You closely miss the bat. The bat closely misses you. x2
You barely miss the bat. You punch the bat.
The bat is severely wounded.
The bat closely misses you. x2
You thump the bat!
You kill the bat!
You have reached level 4!
You feel clever.
You see here a bat corpse.
Found a scroll labelled EDUCEH ANLED.
Found a fuming white potion.
o - a scroll labelled EDUCEH ANLED
p - a fuming white potion
Found a hammer.
Found a runed translucent door.
Sorry, you're not good enough to have a special ability.
You open the door.
Crazy Yiuf whimpers, "Trifle!
Cake turtle Orb Guardian."
Crazy Yiuf hits you with a +4 quarterstaff of chaos.
There is an open translucent door here.
You hit Crazy Yiuf but do no damage. Your punch misses Crazy Yiuf.
Crazy Yiuf hits you with a +4 quarterstaff of chaos!
Crazy Yiuf freezes you.
You barely miss Crazy Yiuf.
Crazy Yiuf hits you with a +4 quarterstaff of chaos.
You resist with some effort.
Crazy Yiuf hits you with a +4 quarterstaff of chaos!
You die...

#.##.# #.# #
#.##.# #.###
###### #....
#..## #####
#..# #..)#
#..# #...#
#..# #.g.#
#..## #@#
#.... ♣♣.♣
#.... ♣.♣♣
##### ♣♣.♣
♣.♣♣ ##
♣♣.♣♣
##########.
♣...♣♣
#....†.....
♣....♣
##.######...
#....#
#.........##


You could see Crazy Yiuf.

Vanquished Creatures
  2 adders (D:2)
  A dart slug (D:2)
  A worm (D:2)
  5 ball pythons
  5 endoplasms (D:1)
  4 giant cockroaches
  3 goblins
  3 hobgoblins
  A kobold (D:1)
  A quokka (D:1)
  2 bats (D:2)
  A frilled lizard (D:1)
  2 rats
31 creatures vanquished.

Notes
Turn   | Place    | Note
-------+----------+-------------------------------------------
     0 | D:1      | Angrytalen the Gargoyle Monk began the quest for the Orb.
     0 | D:1      | Reached XP level 1. HP: 14/14 MP: 1/1
   108 | D:1      | Reached XP level 2. HP: 5/19 MP: 2/2
  1435 | D:2      | Found Eroucysk's Weapon Shop.
  1442 | D:2      | Reached XP level 3. HP: 20/24 MP: 3/3
  2546 | D:2      | Reached XP level 4. HP: 29/29 MP: 4/4
  2574 | D:2      | Found a runed translucent door.
  2575 | D:2      | Noticed Crazy Yiuf
  2581 | D:2      | Slain by Crazy Yiuf

Illustrated notes

Levels and vault maps discovered:
D:1:      dpeg_arrival_long_road, layout_basic
D:2:      layout_loops_ring, serial_shops, nicolae_shop_waterfront,
          dk_noncrumbling_2, uniq_crazy_yiuf_cottage

Action                   |  1- 3 |  4- 6 || total
-------------------------+-------+-------++-------
Melee: Mace              |   102 |     2 ||   104
       Punch             |     2 |       ||     2
  Use: Scroll            |     3 |       ||     3
 Stab: Sleeping          |     2 |       ||     2
Armor: Robe              |     1 |       ||     1
       Leather armour    |    36 |       ||    36
       Ring mail         |     2 |       ||     2
Dodge: Dodged            |    74 |       ||    74
